 Dungeon Crawl Stone Soup version 0.23-a0-622-g59b4ea9 (webtiles) character file.

1429 Lavandula the Slicer (level 9, 49/49 HPs)
             Began as a Halfling Enchanter on Dec 23, 2018.
             Was an Initiate of Hepliaklqana.
             Quit the game on level 7 of the Dungeon.
             The game lasted 00:20:14 (4659 turns).

Lavandula the Slicer (Halfling Enchanter)           Turns: 4659, Time: 00:20:16

Health: 49/49      AC:  5    Str:  9    XL:     9   Next: 3%
Magic:  13/13      EV: 14    Int: 16    God:    Hepliaklqana [......]
Gold:   225        SH:  6    Dex: 15    Spells: 4/13 levels left

rFire    . . .     SeeInvis .   A - +2 dagger (holy)
rCold    + . .     Gourm    .   k - +0 buckler
rNeg     . . .     Faith    .   C - +0 leather armour {rC+}
rPois    .         Spirit   .   r - +0 helmet
rElec    .         Reflect  .   (no cloak)
rCorr    .         Harm     .   f - +0 pair of gloves
MR       .....                  (no boots)
Stlth    ++........             (no amulet)
HPRegen  0.16/turn              (no ring)
MPRegen  0.13/turn              (no ring)

@: no status effects
A: small, reduced essence, mutation resistance 1
a: Recall Ancestor, Ancestor Identity, Renounce Religion


You were on level 7 of the Dungeon.
You worshipped Hepliaklqana.
Hepliaklqana was noncommittal.
You were very hungry.

You visited 2 branches of the dungeon, and saw 9 of its levels.

You collected 225 gold pieces.

Inventory:

Hand Weapons
 a - a +0 falchion
 p - a +2 spear of venom
 q - a +0 rapier
 w - a +1 quarterstaff of protection
 A - a +2 dagger of holy wrath (weapon)
Armour
 b - the +2 scale mail of Baldness {rElec rPois rC- rN++}
   (You found it on level 8 of the Dungeon)

   It makes you vulnerable to cold.
   It insulates you from electricity.
   It protects you from poison.
   It greatly protects you from negative energy.
 f - a +0 pair of gloves (worn)
 k - a +0 buckler (worn)
 r - a +0 helmet (worn)
 y - the +5 shield "Gufoch" {Str+3, unknown}
   (You found it on level 5 of the Dungeon)

   It affects your strength (+3).
 C - a +0 leather armour of cold resistance (worn)
Magical Staves
 x - an uncursed staff of conjuration
Wands
 B - a wand of digging (6)
Scrolls
 c - a scroll of fear {unknown}
 g - 3 scrolls of blinking {unknown}
 h - 2 scrolls of teleportation
 j - a scroll of immolation {unknown}
 l - 2 scrolls of identify {unknown}
 o - a scroll of remove curse {unknown}
 s - 2 scrolls of magic mapping {unknown}
 t - a scroll of random uselessness {unknown}
Potions
 e - 2 potions of flight
 i - a potion of heal wounds {unknown}
 m - a potion of curing
 n - 2 potions of ambrosia {unknown}
 u - a potion of brilliance {unknown}
 v - a potion of magic {unknown}
 z - a potion of haste
 D - a potion of lignification {unknown}
Comestibles
 d - 11 rations


   Skills:
 + Level 2.6 Fighting
 - Level 8.1 Short Blades
 - Level 2.2 Dodging
 - Level 3.4 Stealth
 - Level 6.2 Shields
 - Level 2.8 Spellcasting
 - Level 3.4 Hexes


You had 4 spell levels left.
You knew the following spells:

 Your Spells              Type           Power        Failure   Level  Hunger
a - Corona                Hex            ##.....      7%          1    #......
b - Ensorcelled Hibernat  Hex/Ice        #.....       21%         2    ##.....
c - Confuse               Hex            ##......     21%         3    ###....
d - Dazzling Spray        Conj/Hex       #.....       36%         3    ###....

Your spell library contained the following spells:

 Spells                   Type           Power        Failure   Level  Hunger
 Tukima's Dance           Hex            ##......     21%         3    ###....


Dungeon Overview and Level Annotations

Branches:
Dungeon (8/15)             Temple (1/1) D:6
   Lair: D:8-11

Altars:
Ashenzari
Dithmenos
Fedhas
Gozag
Hepliaklqana
Kikubaaqudgha
Makhleb
Nemelex Xobeh
Okawaru
Qazlal
Ru
Sif Muna
Trog
Uskayaw
Vehumet
Wu Jian
Xom
Yredelemnul
Zin
The Shining One


Innate Abilities, Weirdness & Mutations

You are small and have problems with some larger weapons.
You are somewhat resistant to further mutation.
Your life essence is reduced to manifest your ancestor. (-10% HP)


Message History

Magic restored.
An orc comes into view. It is wielding a +0 club.
Unknown command.
You hit the orc.
The orc is heavily wounded.
You hit the orc.
You kill the orc!
Welcome back, Lavandula the Halfling Enchanter.
Hepliaklqana says: Your past becomes your present!
Press ? for a list of commands and other information.
Unknown command.
An orc wizard comes into view. It is wielding a +0 dagger.
An orc wizard is nearby!
An orc priest comes into view.
The orc priest shouts!
The orc priest moves out of view.
The orc priest begins to cast a cantrip, but forgets the words!
The orc priest casts a cantrip, but nothing happens.
An orc warrior comes into view. It is wielding a -1 halberd.
Are you sure you want to abandon this character and quit the game? (Confirm

# #.##########.# #. #
#............# #.
############## #. #.
############ ###.
#..........####...
#.########).....##
####R# #.........# ..#@#
#.#####.#.## ##.#.# #.#
#.#... ##..>.# #.#
##.###. .#.....## #.#
##...##. ....o...##
#.###....<.. ..o......#
#.##........
........####.###.....#.
.#.......R.........รท###
......######...........


You could see the friendly Paullus the ancestor, an orc warrior (wandering) and
an orc priest.

Vanquished Creatures
  A hungry ghost (D:7)
  An orc warrior (D:6)
  An ogre (D:6)
  A phantom (D:4)
  2 scorpions (D:6)
  3 wights (D:6)
  2 centaur zombies
  3 hounds (D:6)
  4 jellies
  A bullfrog skeleton (D:4)
  An orc priest (D:6)
  An iguana (D:7)
  6 orc wizards
  4 worker ants
  A hound skeleton (D:5)
  5 adders
  6 oozes
  A worm (D:5)
  3 leopard geckos
  25 orcs
  7 bats
  2 giant cockroaches
  3 goblins
  2 hobgoblins (D:2)
  6 jackals
  2 quokkas (D:7)
  7 frilled lizards
  10 kobolds
  A leopard gecko skeleton (D:6)
  A leopard gecko zombie (D:5)
  2 rats
115 creatures vanquished.

Vanquished Creatures (collateral kills)
  A jackal (D:7)
1 creature vanquished.

Vanquished Creatures (others)
  3 ancestors
3 creatures vanquished.

Grand Total: 119 creatures vanquished

Notes
Turn   | Place    | Note
-------+----------+-------------------------------------------
     0 | D:1      | Lavandula the Halfling Enchanter began the quest for the
                  | Orb.
     0 | D:1      | Reached XP level 1. HP: 11/11 MP: 3/3
   121 | D:2      | Reached skill level 2 in Short Blades
   121 | D:2      | Reached XP level 2. HP: 17/17 MP: 4/4
   479 | D:1      | Reached skill level 3 in Short Blades
   480 | D:1      | Reached XP level 3. HP: 21/21 MP: 3/5
   567 | D:2      | Learned a level 2 spell: Ensorcelled Hibernation
   685 | D:2      | Learned a level 3 spell: Confuse
   866 | D:3      | Reached XP level 4. HP: 24/27 MP: 2/7
   925 | D:3      | Reached skill level 4 in Short Blades
   934 | D:3      | Found an opulent altar of Gozag.
  1214 | D:3      | Reached skill level 1 in Fighting
  1214 | D:3      | Reached XP level 5. HP: 13/33 MP: 1/8
  1392 | D:3      | Found a stormy altar of Qazlal.
  1774 | D:4      | Learned a level 3 spell: Dazzling Spray
  1814 | D:4      | Reached XP level 6. HP: 12/38 MP: 1/10
  1899 | D:5      | Entered Level 5 of the Dungeon
  1953 | D:4      | Found a sparkling altar of Nemelex Xobeh.
  1969 | D:4      | Noticed a phantom
  2003 | D:4      | Killed a phantom
  2167 | D:4      | Reached skill level 5 in Short Blades
  2338 | D:5      | Got a fine shield
  2419 | D:5      | Reached XP level 7. HP: 29/43 MP: 2/11
  2585 | D:5      | Reached skill level 6 in Short Blades
  2745 | D:6      | Found a staircase to the Ecumenical Temple.
  2794 | D:5      | Reached skill level 7 in Short Blades
  3214 | D:6      | Reached skill level 8 in Short Blades
  3214 | D:6      | Reached XP level 8. HP: 32/48 MP: 6/12
  3391 | D:6      | Reached skill level 1 in Shields
  3649 | Temple   | Entered the Ecumenical Temple
  3919 | Temple   | Became a worshipper of Hepliaklqana the Forgotten
  4031 | D:6      | Reached skill level 5 in Shields
  4352 | D:7      | Found a shadowy altar of Dithmenos.
  4357 | D:7      | Found a burning altar of Makhleb.
  4357 | D:7      | Found a shattered altar of Ashenzari.
  4562 | D:8      | Reached XP level 9. HP: 38/49 MP: 6/13
  4573 | D:8      | Got a heavily runed scale mail
  4579 | D:8      | Noticed a hornet
  4588 | D:7      | Identified the +2 scale mail of Baldness {rElec rPois rC-
                  | rN++} (You found it on level 8 of the Dungeon)
  4659 | D:7      | Quit the game

Vault maps used:
D:1:      lordsloth_arrival_two_stooges
D:2:      trog_book
D:3:      nicolae_qazlal_general_emergency,
          nicolae_gozag_cash_rules_everything_around_me,
          chequers_ecumenical_altar_simple
D:4:      lemuel_coloured_pillars_altar
D:5:      first_ration, uniq_blork_the_orc
D:6:      lemuel_upstairs_altar, minmay_temple_entry_grid
D:7:      elyvilon_altar_3, grunt_temple_overflow_open
D:8:      slow_altar_2, minmay_lair_entry_grove, hangedman_little_slice_of_home
Temple:   dpeg_chambers_temple

Skill      XL: |  1  2  3  4  5  6  7  8 |
---------------+-------------------------+-----
Short Blades   | 2 3 4 5 8 |  8.1
Spellcasting   | 2 |  2.8
Fighting       | 1 2 |  2.6
Hexes          | 3 |  3.4
Shields        | 6 |  6.2
Dodging        | |  2.2
Stealth        | |  3.4

Action                   |  1- 3 |  4- 6 |  7- 9 || total
-------------------------+-------+-------+-------++-------
Melee: Dagger            |    74 |   150 |   257 ||   481
       Spear             |       |     3 |       ||     3
 Cast: Corona            |    10 |       |     1 ||    11
       Ensorcelled Hiber |     4 |    21 |    38 ||    63
       Confuse           |       |    10 |    15 ||    25
       Dazzling Spray    |       |     3 |     6 ||     9
Invok: Recall Ancestor   |       |       |     1 ||     1
  Use: Potion            |     1 |     2 |     2 ||     5
       Scroll            |       |     1 |       ||     1
 Stab: Sleeping          |    12 |    13 |    23 ||    48
       Confused          |       |     5 |     5 ||    10
  Eat: Chunk             |       |     5 |     8 ||    13
       Ration            |       |     1 |     1 ||     2
Armor: Robe              |    17 |    14 |    22 ||    53
       Leather armour    |       |       |     9 ||     9
Dodge: Dodged            |    45 |    87 |   133 ||   265
Block: Buckler           |       |       |     8 ||     8

Table legend:
 A = Non-vault XP
 B = Vault XP
 C = Vault XP percentage of total XP
 D = Non-vault monster count
 E = Vault monster count
 F = Vault count percentage of total count
                 A         B        C        D         E       F
            +---------+---------+-------+---------+---------+-------
      Total |    1879 |     163 |   8.0 |     108 |       8 |   6.9
            +---------+---------+-------+---------+---------+-------
        D:1 |      24 |       0 |   0.0 |      15 |       0 |   0.0
        D:2 |      31 |       0 |   0.0 |      11 |       0 |   0.0
        D:3 |     100 |       0 |   0.0 |      14 |       0 |   0.0
        D:4 |     337 |       0 |   0.0 |      14 |       0 |   0.0
        D:5 |     238 |       0 |   0.0 |      16 |       0 |   0.0
        D:6 |     902 |       0 |   0.0 |      28 |       0 |   0.0
        D:7 |     247 |       0 |   0.0 |      10 |       0 |   0.0
        D:8 |       0 |     163 | 100.0 |       0 |       8 | 100.0
            +---------+---------+-------+---------+---------+-------
